 Dungeon Crawl Stone Soup version 0.28.0-45-g0d030f2227 (webtiles) character file.

Game seed: 15621037701857035569

7051 Peloso the Carver (level 10, -1/88 HPs)
             Began as a Minotaur Fighter on Apr 10, 2022.
             Was a Believer of Okawaru.
             Slain by a two-headed ogre
             ... wielding a +0 giant club
              (19 damage)
             ... on level 9 of the Dungeon.
             The game lasted 00:25:20 (11378 turns).

Peloso the Carver (Minotaur Fighter)               Turns: 11378, Time: 00:25:21

Health: -1/88      AC: 16    Str: 22    XL:     10   Next: 83%
Magic:  8/10       EV: 16    Int:  5    God:    Okawaru [**....]
Gold:   671        SH:  6    Dex: 13    Spells: 9/9 levels left

rFire   . . .      SeeInvis .   a - +1 scimitar (flame)
rCold   . . .      Faith    .   c - +0 buckler
rNeg    . . .      Spirit   .   l - +0 plate armour
rPois   .          Reflect  .   (helmet restricted)
rElec   .          Harm     .   s - +0 cloak
rCorr   .          Rampage  .   (no gloves)
Will    .....                   (no boots)
Stlth   ..........              (no amulet)
HPRegen 0.24/turn               e - +4 ring of evasion
MPRegen 0.12/turn               q - +4 ring of evasion

@: no status effects
A: horns 2, retaliatory headbutt
a: Renounce Religion, Heroism


You were on level 9 of the Dungeon.
You worshipped Okawaru.
Okawaru was pleased with you.
You visited 2 branches of the dungeon, and saw 10 of its levels.
You also visited: Bailey.

You collected 896 gold pieces.
You spent 225 gold pieces at shops.

Inventory:

Hand Weapons
 a - a +1 scimitar of flaming (weapon)
 b - a +2 antimagic scimitar
Missiles
 B - 3 throwing nets (quivered)
Armour
 c - a +0 buckler (worn)
 k - a +0 chain mail
 l - a +0 plate armour (worn)
 s - a +0 cloak (worn)
Jewellery
 e - a +4 ring of evasion (left hand)
 n - an amulet of guardian spirit
 q - a +4 ring of evasion (right hand)
Wands
 j - a wand of digging (7)
 u - a wand of flame (4)
 C - a wand of paralysis (6)
 E - a wand of iceblast (8)
 G - a wand of mindburst (3)
 H - a wand of acid (2)
Scrolls
 g - a scroll of noise
 h - 4 scrolls of fear
 i - a scroll of immolation
 m - a scroll of summoning {unknown}
 r - 2 scrolls of teleportation
 t - a scroll of amnesia {unknown}
 w - a scroll of enchant armour {unknown}
 y - a scroll of vulnerability {unknown}
 I - a scroll of enchant weapon {unknown}
 K - a scroll of identify
Potions
 d - 2 potions of might
 f - 2 potions of resistance
 o - a potion of mutation
 p - a potion of attraction
 v - a potion of flight {unknown}
 x - 2 potions of brilliance {unknown}
 z - a potion of curing
 A - 2 potions of berserk rage {unknown}
 D - a potion of magic {unknown}
 F - a potion of haste {unknown}
 J - a potion of heal wounds


   Skills:
 + Level 8.1 Fighting
 + Level 12.8 Long Blades
 + Level 10.6 Armour
 + Level 3.7 Dodging
 + Level 1.2 Stealth
 + Level 8.3 Shields
 + Level 1.5 Invocations
 + Level 1.1 Evocations


You had 9 spell levels left.
You didn't know any spells.
Your spell library contained the following spells:

 Spells                   Type           Power      Damage    Failure   Level
 Freeze                   Ice            0%         1d3       100%        1
 Corpse Rot               Necr/Air       0%         N/A       100%        2
 Poisonous Vapours        Pois/Air       0%         N/A       100%        2
 Frozen Ramparts          Ice            0%         1d2       100%        3
 Gell's Gravitas          Tloc           0%         N/A       100%        3
 Lesser Beckoning         Tloc           0%         N/A       100%        3
 Teleport Other           Tloc           0%         N/A       100%        3
 Hailstorm                Conj/Ice       0%         3d3       100%        4


Dungeon Overview and Level Annotations

Branches:
Dungeon (9/15)             Temple (1/1) D:6          Bailey (visited)
   Lair: D:8-11         Orc: D:9-12

Altars:
Ashenzari
Cheibriados
Dithmenos
Elyvilon
Fedhas
Gozag
Hepliaklqana
Kikubaaqudgha
Makhleb
Nemelex Xobeh
Okawaru
Qazlal
Ru
Sif Muna
Trog
Uskayaw
Vehumet
Wu Jian
Xom
Yredelemnul
Zin
The Shining One

Shops:
D:4 *   D:6 [([   D:8 [


Innate Abilities, Weirdness & Mutations

You have a pair of horns on your head.
You reflexively headbutt those who attack you in melee.


Message History

Unknown command.
You hit the two-headed ogre. You burn the two-headed ogre.
The two-headed ogre is almost dead.
The orc warrior hits you but does no damage.
Unknown command.
You slice the two-headed ogre!! You burn the two-headed ogre.
You kill the two-headed ogre!
Okawaru is honoured by your kill.
Your base Fighting skill increases to level 8!
Unknown command.
You closely miss the orc warrior.
The orc warrior is moderately wounded.
The orc warrior completely misses you.
Unknown command.
You closely miss the orc warrior. Your headbutt misses the orc warrior.
The orc warrior is moderately wounded.
The orc warrior misses you.
Unknown command.
You slash the orc warrior! You burn the orc warrior.
You headbutt the orc warrior.
The orc warrior is almost dead.
Unknown command.
You hit the two-headed ogre. You burn the two-headed ogre.
You headbutt the two-headed ogre.
The two-headed ogre is moderately wounded.
Unknown command.
You barely miss the two-headed ogre.
The two-headed ogre is moderately wounded.
You feel like a meek peon again.
The two-headed ogre hits you with a +0 giant club!
* * * LOW HITPOINT WARNING * * *
The two-headed ogre hits you with a +0 giant spiked club.
* * * LOW HITPOINT WARNING * * *
You barely miss the two-headed ogre.
The two-headed ogre is lightly wounded.
Unknown command.
You barely miss the two-headed ogre.
The two-headed ogre is lightly wounded.
The two-headed ogre hits you with a +0 giant club!!
You die...

#....'............+...+
#....#...##...##..##.##
#....#...#######..##.#
#....#....#...#
#....#....'...#
#....#....#...#
#..########...#
######...##...#
#........##)@##
#........##O##
#..........o.#
#.)..........#
#.......÷....#
#.........)..# ...#O#.
#......÷.##))# ..#...#
#........##..####......
#.........#....#...o.#


You could see a two-headed ogre and an orc warrior.

Vanquished Creatures
  Erica (D:9)
  A two-headed ogre (D:9)
  A troll (D:9)
  2 vampires
  2 wyverns
  Grum (Bailey)
  A steam dragon (D:8)
  2 water moccasins
  An acid dragon (D:8)
  A sky beast (D:3)
  An ice beast (D:6)
  2 black bears
  2 necrophages
  2 orc warriors
  4 ogres
  6 wolves (Bailey)
  4 centaurs
  A phantom (D:7)
  2 kobold brigands (D:7)
  10 gnoll sergeants
  3 bullfrogs
  A water moccasin zombie (D:5)
  A scorpion (D:5)
  10 killer bees
  An electric eel (D:8)
  A bullfrog zombie (D:7)
  2 orc priests (D:6)
  2 jellies
  Crazy Yiuf (D:2)
  4 hounds
  A bullfrog skeleton (D:4)
  2 centaur skeletons
  5 gnoll shamans (Bailey)
  6 orc wizards
  An iguana (D:6)
  2 killer bee zombies
  19 gnolls
  A howler monkey skeleton (D:6)
  6 adders
  2 shadow imps
  A white imp (D:6)
  2 worms
  5 dart slugs
  18 orcs
  6 ball pythons
  5 endoplasms
  4 giant cockroaches
  6 goblins
  2 hobgoblins
  8 jackals
  18 kobolds
  2 quokkas
  7 bats
  5 frilled lizards
  9 rats
  A spectral orc (D:7)
217 creatures vanquished.

Notes
Turn   | Place    | Note
-------+----------+-------------------------------------------
     0 | D:1      | Peloso the Minotaur Fighter began the quest for the Orb.
     0 | D:1      | Reached XP level 1. HP: 19/19 MP: 0/0
   286 | D:1      | Reached XP level 2. HP: 27/27 MP: 1/1
   307 | D:1      | Found a faded altar of an unknown god.
   694 | D:1      | Reached XP level 3. HP: 31/33 MP: 2/2
  1140 | D:2      | Reached skill level 3 in Long Blades
  1434 | D:2      | Found a runed translucent door.
  1435 | D:2      | Noticed Crazy Yiuf
  1741 | D:3      | Noticed a centaur
  1753 | D:3      | Killed a centaur
  1754 | D:3      | Reached skill level 4 in Long Blades
  1754 | D:3      | Reached skill level 1 in Dodging
  1754 | D:3      | Reached XP level 4. HP: 16/41 MP: 3/3
  1987 | D:3      | Reached XP level 5. HP: 47/47 MP: 4/4
  2081 | D:3      | Found a stormy altar of Qazlal.
  3060 | D:4      | Noticed an ogre
  3116 | D:2      | Killed Crazy Yiuf
  3117 | D:2      | Reached XP level 6. HP: 37/55 MP: 5/5
  3182 | D:4      | Noticed a sky beast
  3189 | D:4      | Reached skill level 5 in Long Blades
  3189 | D:4      | Reached skill level 5 in Armour
  3297 | D:3      | Killed a sky beast
  3298 | D:3      | Reached skill level 5 in Fighting
  3684 | D:4      | Reached skill level 5 in Shields
  3684 | D:4      | Reached XP level 7. HP: 61/61 MP: 6/6
  3724 | D:3      | Found a white marble altar of Elyvilon.
  3724 | D:3      | Found a blossoming altar of Fedhas.
  3761 | D:4      | Reached skill level 6 in Long Blades
  3781 | D:4      | Found Dewiuh's Serpentskin Sales.
  3957 | D:4      | Found an ancient bone altar of Kikubaaqudgha.
  4167 | D:5      | Entered Level 5 of the Dungeon
  4174 | D:5      | Reached skill level 7 in Long Blades
  4462 | D:5      | Reached XP level 8. HP: 69/69 MP: 7/7
  4752 | D:6      | Found Tisewk's Antique Armour Shop.
  4816 | D:5      | Reached skill level 8 in Long Blades
  5347 | D:6      | Found a staircase to the Ecumenical Temple.
  5361 | Temple   | Entered the Ecumenical Temple
  5545 | D:6      | Found an opulent altar of Gozag.
  5552 | D:6      | Found Ohoc's Armour Shop.
  5611 | D:6      | Reached skill level 9 in Long Blades
  5644 | D:6      | Found Xoupnar's Weapon Shoppe.
  5772 | D:6      | Found a sparkling altar of Nemelex Xobeh.
  6193 | D:7      | Found a flagged portal.
  6202 | D:7      | Reached XP level 9. HP: 10/75 MP: 8/8
  6400 | Bailey   | Entered a bailey
  6557 | Bailey   | Reached skill level 10 in Long Blades
  7685 | Bailey   | Noticed Grum
  7709 | Bailey   | Killed Grum
  7710 | Bailey   | Reached skill level 1 in Evocations
  8243 | Bailey   | Reached skill level 11 in Long Blades
  8668 | D:7      | Paralysed by a gnoll for 7 turns
  9064 | D:7      | Found a glowing golden altar of the Shining One.
  9153 | D:7      | Reached skill level 1 in Stealth
  9393 | D:7      | Found an iron altar of Okawaru.
  9405 | D:7      | Became a worshipper of Warmaster Okawaru
  9479 | D:7      | Found a basalt altar of Yredelemnul.
 10043 | D:8      | Reached XP level 10. HP: 77/84 MP: 9/9
 10328 | D:8      | Found Alaohoc's Antique Armour Shoppe.
 10348 | D:8      | Bought a translucent scale mail for 225 gold pieces
 10348 | D:8      | Identified the +2 scale mail "Fian" {Contam +Blink rN+++
                  | Dex+3} (You bought it in a shop on level 8 of the Dungeon)
 11021 | D:9      | Noticed Erica
 11027 | D:8      | Reached * piety under Okawaru
 11039 | D:9      | Killed Erica
 11040 | D:9      | Reached skill level 12 in Long Blades
 11040 | D:9      | Reached skill level 10 in Armour
 11336 | D:9      | Noticed a two-headed ogre
 11338 | D:9      | Noticed a two-headed ogre
 11365 | D:9      | Reached ** piety under Okawaru
 11366 | D:9      | Reached skill level 1 in Invocations
 11371 | D:9      | Killed a two-headed ogre
 11378 | D:9      | Slain by a two-headed ogre

Illustrated notes

Levels and vault maps discovered:
D:1:      onia_arrival_pentagram, layout_rooms, basic_ecumenical_altar,
          minmay_box_of_dots
D:2:      layout_basic, uniq_crazy_yiuf_cottage
D:3:      layout_loops_ring, nicolae_qazlal_scattered_showers,
          nicolae_overflow_hidden_temple
D:4:      layout_gridville, kiku_gazebo_pond_becter, guppyfry_shop_venom
D:5:      layout_loops_cross
D:6:      layout_basic, mainiacjoe_overflow_tiny_flanked,
          nemelex_spade_bored_becter, minmay_temple_entry_large_hall,
          serial_shops, shop_coins, shop_statue, nicolae_square_shop,
          chequers_serial_rivers_micro_d
D:7:      layout_cave_pods, tso_metal_star, kennysheep_okawaru_gauntlet,
          yredelemnul_forgotten_temple_becter, enter_bailey_2
D:8:      layout_basic, serial_shops, nicolae_shop_advertising_works
          [nicolae_subvault_shop_adworks], hangedman_decor_push, minivault_4,
          uniq_grum
D:9:      cheibrodos_fzero, layout_gridville, lair_entry_dummy, orc_0_dummy,
          nicolae_shop_self_help, uniq_erica
Temple:   cyrus_circular_temple

Skill      XL: |  1  2  3  4  5  6  7  8  9 10 |
---------------+-------------------------------+-----
Fighting       | 4 5 6 8 |  8.1
Shields        | 4 5 7 8 |  8.3
Long Blades    | 4 5 7 9 11 12 | 12.8
Armour         | 4 5 6 7 9 10 | 10.6
Dodging        | 1 2 3 |  3.7
Evocations     | 1 |  1.1
Stealth        | 1 |  1.2
Invocations    | 1 |  1.5

Action                   |  1- 3 |  4- 6 |  7- 9 | 10-12 || total
-------------------------+-------+-------+-------+-------++-------
Melee: Long sword        |   100 |   116 |   385 |    60 ||   661
       Headbutt          |    12 |    22 |    82 |    19 ||   135
       Scimitar          |       |       |       |    55 ||    55
Invok: Heroism           |       |       |       |     2 ||     2
Evoke: Wand              |       |       |    14 |     1 ||    15
  Use: Scroll            |       |     3 |     6 |       ||     9
       Potion            |       |     1 |     4 |       ||     5
Armor: Scale mail        |    50 |       |       |       ||    50
       Chain mail        |    17 |    69 |    75 |       ||   161
       Plate armour      |       |       |    70 |    55 ||   125
Dodge: Dodged            |    53 |    46 |   307 |   102 ||   508
Block: Buckler           |    46 |    18 |   116 |    33 ||   213
